SL
ST. LOUIS COEUR @ FT. WORTH CATTLEMEN
05/06/2041
 
TOP OF THE 1ST
St. Louis Coeur batting - Pitching for Ft. Worth Cattlemen : RHP Kabeya Kasongo
Pitching: RHP Kabeya Kasongo
Batting: LHB Tillmam Cru 0-0: Ball
1-0: Ball
2-0: Ball
3-0: Base on Balls
Batting: RHB Jaime Soto 0-0: Fly out, F9 (Flyball, 89M, EV 85.6 MPH)
Batting: LHB Qing-nian Zexian 0-0: Called Strike
0-1: Ball
1-1: Called Strike
1-2: SINGLE (Line Drive, 89S, EV 112.5 MPH)
Tillmam Cru to second
Batting: LHB Harry Cornelis 0-0: Fielders Choice at 2nd, 2-4 (Groundball, 2L, EV 63.1 MPH)
Tillmam Cru to third
Batting: RHB Nobuhisa Murakami 0-0: Ball
1-0: Foul Ball, location: 2F
1-1: Foul Ball, location: 2F
1-2: Ball
2-2: Ball
3-2: Ground out 5-3 (Groundball, 56, EV 89.4 MPH)
Top of the 1st over - 0 runs, 1 hit, 0 errors, 2 left on base; St. Louis 0 - Ft. Worth 0
BOTTOM OF THE 1ST
Ft. Worth Cattlemen batting - Pitching for St. Louis Coeur : RHP Esteban Rodríguez
Pitching: RHP Esteban Rodríguez
Batting: RHB Dennis Wacher 0-0: Called Strike
0-1: Called Strike
0-2: Strikes out swinging
Batting: LHB Semo Hoaloha 0-0: Foul Ball, location: 2F
0-1: Swinging Strike
0-2: Ball
1-2: Ball
2-2: Ball
3-2: Strikes out swinging
Batting: LHB Craig Woods 0-0: Foul Ball, location: 2F
0-1: Fly out, F8 (Flyball, 8RM, EV 93.8 MPH)
Bottom of the 1st over - 0 runs, 0 hits, 0 errors, 0 left on base; St. Louis 0 - Ft. Worth 0
TOP OF THE 2ND
St. Louis Coeur batting - Pitching for Ft. Worth Cattlemen : RHP Kabeya Kasongo
Batting: RHB Guillermo Coss 0-0: Ball
1-0: SINGLE (Line Drive, 4D, EV 93.8 MPH)
Batting: RHB Joel Iyiegbuniwe 0-0: Ball
1-0: Ball
2-0: Fly out, F7 (Flyball, 7D, EV 107.5 MPH)
Batting: RHB Ik-jun Cho 0-0: Ball
1-0: Foul Ball, location: 2F
1-1: Ball
2-1: Called Strike
Guillermo Coss steals 2nd base
2-2: Ground out 5-3 (Groundball, 56, EV 91.2 MPH)
Batting: LHB Dae-ik Park 0-0: Called Strike
0-1: Called Strike
0-2: Foul Ball, location: 2F
0-2: Ball
1-2: Strikes out swinging
Top of the 2nd over - 0 runs, 1 hit, 0 errors, 1 left on base; St. Louis 0 - Ft. Worth 0
BOTTOM OF THE 2ND
Ft. Worth Cattlemen batting - Pitching for St. Louis Coeur : RHP Esteban Rodríguez
Batting: SHB Kolby Hay 0-0: Ball
1-0: Ball
2-0: Called Strike
2-1: Called Strike
2-2: Strikes out swinging
Batting: RHB Derek Bangert 0-0: Ball
1-0: Ball
2-0: Ball
3-0: Foul Ball, location: 2F
3-1: Swinging Strike
3-2: Foul Ball, location: 2F
3-2: Strikes out looking
Batting: LHB Count Dante 0-0: Called Strike
0-1: Ball
1-1: Ball
2-1: Foul Ball, location: 2F
2-2: Ball
3-2: Ground out 1-3 (Groundball, 23, EV 70.0 MPH)
Bottom of the 2nd over - 0 runs, 0 hits, 0 errors, 0 left on base; St. Louis 0 - Ft. Worth 0
TOP OF THE 3RD
St. Louis Coeur batting - Pitching for Ft. Worth Cattlemen : RHP Kabeya Kasongo
Batting: LHB Tillmam Cru 0-0: Foul Ball, location: 2F
0-1: Ball
1-1: Foul Ball, location: 2F
1-2: Strikes out swinging
Batting: RHB Jaime Soto 0-0: Ball
1-0: Foul Ball, location: 2F
1-1: Foul Ball, location: 2F
1-2: Foul Ball, location: 2F
1-2: SINGLE (Flyball, 8RS, EV 96.2 MPH)
Batting: LHB Qing-nian Zexian 0-0: Ball
1-0: Foul Ball, location: 2F
1-1: Fly out, F8 (Flyball, 78D, EV 92.5 MPH)
Batting: LHB Harry Cornelis 0-0: Foul Ball, location: 2F
0-1: Foul Ball, location: 2F
0-2: Ball
1-2: Foul Ball, location: 2F
1-2: SINGLE (Groundball, 56D, EV 95.0 MPH)
Jaime Soto to second
Batting: RHB Nobuhisa Murakami 0-0: SINGLE (Line Drive, 78S, EV 95.0 MPH)
Jaime Soto to third
Harry Cornelis to second
Runner from 3rd tries for Home, SAFE, throw by LF to home
Batting: RHB Guillermo Coss 0-0: Called Strike
0-1: SINGLE (Line Drive, 78M, EV 90.6 MPH)
Harry Cornelis to third
Nobuhisa Murakami to second
Runner from 3rd tries for Home, throw by LF and OUT! 7-2
Top of the 3rd over - 1 run, 4 hits, 0 errors, 2 left on base; St. Louis 1 - Ft. Worth 0
BOTTOM OF THE 3RD
Ft. Worth Cattlemen batting - Pitching for St. Louis Coeur : RHP Esteban Rodríguez
Batting: RHB Jesús Torres 0-0: Called Strike
0-1: Ball
1-1: Foul Ball, location: 2F
1-2: Foul Ball, location: 2F
1-2: SOLO HOME RUN (Line Drive, 7LD, EV 103.1 MPH), Distance : 357 ft
Batting: RHB Lonnie Doble 0-0: Ball
1-0: Foul Ball, location: 2F
1-1: Called Strike
1-2: Strikes out looking
Batting: RHB Mun-wah Law 0-0: Ball
1-0: Ball
2-0: Swinging Strike
2-1: Swinging Strike
2-2: Ground out 6-3 (Groundball, 6, EV 94.4 MPH)
Batting: RHB Dennis Wacher 0-0: SINGLE (Groundball, 6MD, EV 94.4 MPH)
Batting: LHB Semo Hoaloha 0-0: Ground out 3-1 (Groundball, 3S, EV 66.2 MPH)
Bottom of the 3rd over - 1 run, 2 hits, 0 errors, 1 left on base; St. Louis 1 - Ft. Worth 1
TOP OF THE 4TH
St. Louis Coeur batting - Pitching for Ft. Worth Cattlemen : RHP Kabeya Kasongo
Batting: RHB Joel Iyiegbuniwe 0-0: Foul Ball, location: 2F
0-1: Ground out 5-3 (Groundball, 56, EV 80.6 MPH)
Batting: RHB Ik-jun Cho 0-0: Ball
1-0: Foul Ball, location: 2F
1-1: Fly out, F4 (Flyball, 4MD, EV 79.4 MPH)
Batting: LHB Dae-ik Park 0-0: Hit by Pitch
Batting: LHB Tillmam Cru 0-0: Ball
1-0: Called Strike
1-1: Swinging Strike
1-2: Ball
2-2: Ball
3-2: Foul Ball, location: 2F
3-2: Ground out 5-3 (Groundball, 5, EV 84.4 MPH)
Top of the 4th over - 0 runs, 0 hits, 0 errors, 1 left on base; St. Louis 1 - Ft. Worth 1
BOTTOM OF THE 4TH
Ft. Worth Cattlemen batting - Pitching for St. Louis Coeur : RHP Esteban Rodríguez
Batting: LHB Craig Woods 0-0: Called Strike
0-1: Ball
1-1: Fly out, F8 (Flyball, 8RM, EV 85.0 MPH)
Batting: SHB Kolby Hay 0-0: Ball
1-0: Ball
2-0: Called Strike
2-1: Ball
3-1: Swinging Strike
3-2: Fly out, F8 (Flyball, 8LXD, EV 101.9 MPH)
Batting: RHB Derek Bangert 0-0: Ball
1-0: Foul Ball, location: 2F
1-1: SOLO HOME RUN (Line Drive, 7D, EV 106.2 MPH), Distance : 376 ft
Batting: LHB Count Dante 0-0: Ball
1-0: Fly out, F8 (Flyball, 8RS, EV 81.2 MPH)
Bottom of the 4th over - 1 run, 1 hit, 0 errors, 0 left on base; St. Louis 1 - Ft. Worth 2
TOP OF THE 5TH
St. Louis Coeur batting - Pitching for Ft. Worth Cattlemen : RHP Kabeya Kasongo
Batting: RHB Jaime Soto 0-0: Swinging Strike
0-1: Foul Ball, location: 2F
0-2: Ball
1-2: Ball
2-2: Ball
3-2: Foul Ball, location: 2F
3-2: Fly out, F8 (Flyball, 8LM, EV 84.4 MPH)
Batting: LHB Qing-nian Zexian 0-0: Called Strike
0-1: Ball
1-1: Called Strike
1-2: SINGLE (Groundball, 3D, EV 108.1 MPH)
Batting: LHB Harry Cornelis 0-0: Foul Ball, location: 2F
0-1: Ball
1-1: Foul Ball, location: 2F
1-2: Strikes out swinging
Pitching: RHP Hiroaki Kouda
Batting: RHB Nobuhisa Murakami 0-0: Ball
Qing-nian Zexian steals 2nd base
1-0: Fly out, F7 (Flyball, 7S, EV 72.5 MPH)
Top of the 5th over - 0 runs, 1 hit, 0 errors, 1 left on base; St. Louis 1 - Ft. Worth 2
BOTTOM OF THE 5TH
Ft. Worth Cattlemen batting - Pitching for St. Louis Coeur : RHP Esteban Rodríguez
Batting: RHB Jesús Torres 0-0: Ball
1-0: Ball
2-0: DOUBLE (Flyball, 78D, EV 105.6 MPH)
Batting: RHB Lonnie Doble 0-0: Ball
1-0: Bunt missed!
1-1: Bunted foul
1-2: Fly out, F7 (Flyball, 7LS, EV 82.5 MPH)
Batting: RHB Mun-wah Law 0-0: Reached on error, E3 (Groundball, 34, EV 106.2 MPH)
Jesús Torres to third
Batting: RHB Dennis Wacher 0-0: Fly out, F9 (Flyball, 9S, EV 86.9 MPH)
Batting: LHB Semo Hoaloha 0-0: Foul Ball, location: 2F
0-1: Swinging Strike
0-2: Ground out 4-3 (Groundball, 4, EV 87.5 MPH)
Bottom of the 5th over - 0 runs, 1 hit, 1 error, 2 left on base; St. Louis 1 - Ft. Worth 2
TOP OF THE 6TH
St. Louis Coeur batting - Pitching for Ft. Worth Cattlemen : RHP Hiroaki Kouda
Batting: RHB Guillermo Coss 0-0: Ball
1-0: Ball
2-0: Ball
3-0: Base on Balls
Batting: RHB Joel Iyiegbuniwe 0-0: Fly out, F7 (Flyball, 7LSF, EV 90.0 MPH)
Batting: RHB Ik-jun Cho 0-0: Foul Ball, location: 2F
0-1: Ball
1-1: Ball
2-1: Ball
3-1: Base on Balls
Guillermo Coss to second
Batting: LHB Dae-ik Park 0-0: Ball
Passed Ball!
Guillermo Coss to third
Ik-jun Cho to second
1-0: Foul Ball, location: 2F
1-1: Foul Ball, location: 2F
1-2: Ball
Wild Pitch!
Guillermo Coss scores
Ik-jun Cho to third
2-2: SINGLE (Groundball, 34, EV 103.1 MPH) (infield hit)
Ik-jun Cho scores
Batting: LHB Tillmam Cru 0-0: Called Strike
Dae-ik Park is caught stealing 2nd base 2-6
0-1: Ball
1-1: Foul Ball, location: 2F
1-2: Ball
2-2: Ball
3-2: SINGLE (Groundball, 4MD, EV 98.1 MPH)
Batting: RHB Jaime Soto 0-0: Ball
1-0: Called Strike
1-1: Called Strike
1-2: Foul Ball, location: 2F
1-2: Ground out 4-3 (Groundball, 4, EV 89.4 MPH)
Top of the 6th over - 2 runs, 2 hits, 0 errors, 1 left on base; St. Louis 3 - Ft. Worth 2
BOTTOM OF THE 6TH
Ft. Worth Cattlemen batting - Pitching for St. Louis Coeur : RHP Esteban Rodríguez
Batting: LHB Craig Woods 0-0: Called Strike
0-1: Fly out, F9 (Flyball, 89M, EV 90.0 MPH)
Batting: SHB Kolby Hay 0-0: Ball
1-0: Ball
2-0: Ball
3-0: Ground out U3 (Groundball, 3S, EV 59.4 MPH)
Batting: RHB Derek Bangert 0-0: Foul Ball, location: 2F
0-1: Ball
1-1: Swinging Strike
1-2: Strikes out swinging
Bottom of the 6th over - 0 runs, 0 hits, 0 errors, 0 left on base; St. Louis 3 - Ft. Worth 2
TOP OF THE 7TH
St. Louis Coeur batting - Pitching for Ft. Worth Cattlemen : RHP Hiroaki Kouda
Batting: LHB Qing-nian Zexian 0-0: SINGLE (Groundball, 3D, EV 95.6 MPH)
Batting: LHB Harry Cornelis 0-0: Called Strike
0-1: Foul Ball, location: 2F
0-2: Ball
1-2: Ball
2-2: Ball
3-2: Fly out, F8 (Flyball, 8RD, EV 75.0 MPH)
Pitching: RHP WyDale Curry
Batting: RHB Nobuhisa Murakami 0-0: Ball
1-0: Swinging Strike
1-1: Foul Ball, location: 2F
1-2: Ball
2-2: Fly out, F8 (Line Drive, 8RM, EV 87.5 MPH)
Batting: RHB Guillermo Coss 0-0: Ball
1-0: Ball
2-0: Ball
3-0: Called Strike
3-1: Fly out, F8 (Flyball, 8RS, EV 90.6 MPH)
Top of the 7th over - 0 runs, 1 hit, 0 errors, 1 left on base; St. Louis 3 - Ft. Worth 2
BOTTOM OF THE 7TH
Ft. Worth Cattlemen batting - Pitching for St. Louis Coeur : RHP Esteban Rodríguez
Batting: LHB Count Dante 0-0: Ball
1-0: Ball
2-0: Called Strike
2-1: Ground out 4-3 (Groundball, 4, EV 84.4 MPH)
Batting: RHB Jesús Torres 0-0: Ball
1-0: Swinging Strike
1-1: Foul Ball, location: 2F
1-2: Strikes out looking
Batting: RHB Lonnie Doble 0-0: Ball
1-0: Foul Ball, location: 2F
1-1: Fly out, F7 (Flyball, 7LM, EV 100.0 MPH)
Bottom of the 7th over - 0 runs, 0 hits, 0 errors, 0 left on base; St. Louis 3 - Ft. Worth 2
TOP OF THE 8TH
St. Louis Coeur batting - Pitching for Ft. Worth Cattlemen : RHP WyDale Curry
Batting: RHB Joel Iyiegbuniwe 0-0: Ball
1-0: Called Strike
1-1: Ground out 6-3 (Groundball, 6, EV 79.4 MPH)
Batting: RHB Ik-jun Cho 0-0: Foul Ball, location: 2F
0-1: Foul Ball, location: 2F
0-2: Strikes out swinging
Batting: LHB Dae-ik Park 0-0: Ball
1-0: Ground out U3 (Groundball, 3L, EV 103.1 MPH)
Top of the 8th over - 0 runs, 0 hits, 0 errors, 0 left on base; St. Louis 3 - Ft. Worth 2
BOTTOM OF THE 8TH
Ft. Worth Cattlemen batting - Pitching for St. Louis Coeur : RHP Esteban Rodríguez
Pitching: LHP Denie Ulderink
Batting: RHB Mun-wah Law 0-0: Foul Ball, location: 2F
0-1: Ball
1-1: Fly out, F8 (Flyball, 8LS, EV 89.4 MPH)
Batting: RHB Dennis Wacher 0-0: Ball
1-0: Ball
2-0: Fly out, F2 (Popup, 23F, EV 85.6 MPH)
Batting: LHB Semo Hoaloha 0-0: SINGLE (Line Drive, 34, EV 105.0 MPH)
Batting: LHB Craig Woods 0-0: Foul Ball, location: 2F
0-1: Ball
1-1: Ball
2-1: Swinging Strike
2-2: Strikes out swinging
Bottom of the 8th over - 0 runs, 1 hit, 0 errors, 1 left on base; St. Louis 3 - Ft. Worth 2
TOP OF THE 9TH
St. Louis Coeur batting - Pitching for Ft. Worth Cattlemen : RHP WyDale Curry
Pitching: RHP Jack Buyse
Batting: LHB Tillmam Cru 0-0: Foul Ball, location: 2F
0-1: Ball
1-1: Ball
2-1: Ball
3-1: Swinging Strike
3-2: Foul Ball, location: 2F
3-2: Base on Balls
Batting: RHB Jaime Soto 0-0: Ball
1-0: Ball
2-0: Fly out, F7 (Flyball, 78D, EV 100.0 MPH)
Batting: LHB Qing-nian Zexian 0-0: Swinging Strike
0-1: Ball
1-1: Called Strike
1-2: Strikes out swinging
Batting: LHB Harry Cornelis 0-0: Called Strike
Tillmam Cru steals 2nd base
0-1: Ball
1-1: Fly out, F7 (Flyball, 7, EV 88.1 MPH)
Top of the 9th over - 0 runs, 0 hits, 0 errors, 1 left on base; St. Louis 3 - Ft. Worth 2
BOTTOM OF THE 9TH
Ft. Worth Cattlemen batting - Pitching for St. Louis Coeur : LHP Denie Ulderink
Batting: SHB Kolby Hay 0-0: Ball
1-0: Foul Ball, location: 2F
1-1: Called Strike
1-2: Fly out, F8 (Line Drive, 8RM, EV 85.6 MPH)
Batting: RHB Derek Bangert 0-0: Foul Ball, location: 2F
0-1: Ball
1-1: Fly out, F9 (Flyball, 9, EV 83.1 MPH)
Pinch Hitting: RHB Min-gook Ch'oe 0-0: Foul Ball, location: 2F
0-1: Called Strike
0-2: Foul Ball, location: 2F
0-2: Strikes out looking
Bottom of the 9th over - 0 runs, 0 hits, 0 errors, 0 left on base; St. Louis 3 - Ft. Worth 2
Tuesday, January 5th, 2021 - OOTP Baseball 20.8 Build 74